Unix NetHack Version 3.7.0-89 Work-in-progress - last build Sep 7 2023 15:16:41 (8494bff02b67719303c47e298deaa89034127798,branch:master). Game began 2023-09-18 12:23:18, ended 2023-09-18 12:34:05. Merlek, lawful female human Valkyrie --------------- ----- ..............| .....# |>............| |...|# ------ |.............| ----- #.....## |...>| |.............| ----- |...| #|...|### #|.....# ##-.............| |...| |...+ #|...| ####.....|# # -----------|--- |...| |...| #----- ## #------# #### ##### |...---- ###)...|## # # # # @ # |.......## -.---% # ### # r # |......| ##### # ## #### #### |.<..... ### # ## ## # -------- ### # #### ### ###0 ## # # ###### # # --.-----.---- # ## ## #-----------# |...........| #--.--## #|..........# |...........| #|...-## #.........(| |...........| #....| |.........+ |...........| ----- ----------- ------------- Merlek the Skirmisher St:17 Dx:12 Co:16 In:10 Wi:11 Ch:10 Lawful Dlvl:4 $:24 HP:0(37) Pw:15(15) AC:4 Xp:4/152 T:2931 Latest messages: The giant ant bites! You hit the giant ant! The giant ant just misses! The giant ant bites! You hit the giant ant. The giant ant bites! The giant ant bites! You miss the giant ant. The giant ant bites! The giant ant bites! You kill the giant ant! You see here a spear. H - a spear. You kill the lichen! I - a lichen corpse. What do you want to eat? [dgEI or ?*] This lichen corpse tastes terrible! You finish eating the lichen corpse. You hit the little dog. The little dog just misses! The little dog bites! You hit the little dog! The little dog misses! The little dog bites! You miss the little dog. The little dog bites! The little dog misses! You feel more confident in your weapon skills. (Use the #enhance command to advance them.) You kill the little dog! # You are now more skilled in spear. D - an uncursed sling. z - an uncursed long sword. b - an uncursed +0 dagger (at the ready). You see here a little dog corpse. The iguana bites! The gecko misses! You see here a little dog corpse. You hit the iguana. You miss the iguana. The iguana bites! You miss the iguana. You kill the iguana! You miss the rabid rat. The rabid rat bites! You hit the rabid rat! The rabid rat bites! You die... Do you want your possessions identified? [ynq] (n) Inventory: Coins $ - 24 gold pieces Amulets F - an uncursed amulet versus poison (being worn) Weapons D - an uncursed +0 sling b - an uncursed +0 dagger (at the ready) H - an uncursed rustproof +0 spear a - an uncursed +1 spear (weapon in hand) z - an uncursed +0 long sword Armor h - a cursed +0 pair of gauntlets of dexterity named c c - an uncursed +3 small shield (being worn) w - an uncursed +0 leather armor (being worn) Comestibles g - an uncursed potatoe d - 2 uncursed food rations E - an uncursed lichen corpse Scrolls x - a blessed scroll of create monster r - an uncursed scroll of food detection j - an uncursed scroll of identify A - an uncursed scroll of teleportation Spellbooks B - a cursed spellbook of clairvoyance s - an uncursed spellbook of detect food t - an uncursed spellbook of haste self l - an uncursed spellbook of levitation Potions e - an uncursed potion of booze k - 2 uncursed potions of monster detection Wands n - an uncursed wand of light (0:11) Tools C - an uncursed magic whistle named p2596 Gems/Stones u - an uncursed amethyst stone m - an uncursed chrysoberyl stone v - an uncursed worthless piece of yellow glass Merlek the Valkyrie's attributes: Background: You were a Skirmisher, a level 4 human Valkyrie. You were lawful, on a mission for Tyr who was opposed by Odin (neutral) and Loki (chaotic). You were in the Dungeons of Doom, on level 4. You entered the dungeon 2931 turns ago. You had 152 experience points, 8 more were needed to attain level 5. Basics: You had 0 out of 37 hit points. You had all 15 energy points (spell power). Your armor class was 4. Your wallet contained 24 zorkmids. Autopickup was on for '$=?"/!%' plus thrown, with exceptions. Final Characteristics: Your strength was 17 (limit:18/100). Your dexterity was 12 (limit:18). Your constitution was 16 (limit:18). Your intelligence was 10 (limit:18). Your wisdom was 11 (limit:18). Your charisma was 10 (limit:18). Final Status: You were not hungry. You were unencumbered. You were wielding a spear. You were skilled in spear. Final Attributes: You were piously aligned. You were cold resistant. You were poison resistant. You were stealthy. You were warded. You are dead. Miscellaneous: You never encountered a bones level. Total elapsed playing time was 10 minutes and 47 seconds. Major events: Turn 1: Merlek the lawful human Valkyrie entered the dungeon 1083: attained the rank of Skirmisher (level 3) 1343: entered the Gnomish Mines 2931: killed by a rabid rat Vanquished creatures: a shrieker 2 giant ants 3 little dogs a kobold leader a rothe a monkey 3 iguanas a hobbit a large kobold a hobgoblin 2 giant rats 2 yellow molds a red mold 4 geckos 4 jackals a fox 2 grid bugs a bat 5 lichens a kobold zombie 6 newts 44 creatures vanquished. No species were genocided or became extinct. Voluntary challenges: You read items or engraved 1 time. You never engraved Elbereth. You never genocided any monsters. You never polymorphed an object. You never changed form. You used no wishes. Achievements: You attained the rank of Skirmisher. You entered the Gnomish Mines. The Dungeons of Doom: levels 1 to 6 Level 1: Level 2: Many fountains. Level 3: An altar to Tyr, a fountain. Level 4: "GNOME WITH WAND BY MINE STAIRS!!" <- You were here. Stairs down to The Gnomish Mines. Final resting place for you, killed by a rabid rat. Level 5: A fountain. Level 6: A fountain. The Gnomish Mines: Level 5: Game over: ---------- / \ / REST \ / IN \ / PEACE \ / \ | Merlek | | 24 Au | | killed by a | | rabid rat | | | | | | 2023 | *| * * * | * _________)/\\_//(\/(/\)/\//\/|_)_______ Farvel Merlek the Valkyrie... You died in The Dungeons of Doom on dungeon level 4 with 890 points, and 24 pieces of gold, after 2931 moves. You were level 4 with a maximum of 37 hit points when you died.